 Dungeon Crawl Stone Soup version 0.30-a0-743-gbfdf073431 (webtiles) character file.

Game seed: 16613478605317242287

176 MachoJfn the Caller (level 5, -1/21 HPs)
             Began as a Felid Summoner on Feb 7, 2023.
             Was an Initiate of Wu Jian.
             Slain by an orc wizard
             ... wielding a +0 dagger
              (3 damage)
             ... on level 4 of the Dungeon.
             The game lasted 00:18:21 (4005 turns).

MachoJfn the Caller (Felid Summoner)                Turns: 4005, Time: 00:18:22

Health: -1/21      AC:  2    Str:  4    XL:     5   Next: 30%
Magic:  7/11       EV: 18    Int: 19    God:    Wu Jian [......]
Gold:   100        SH:  0    Dex: 16    Spells: 7/11 levels left
                                        Lives:  0   Deaths: 1

rFire   . . .      SeeInvis +      - Unarmed
rCold   . . .      Faith    .    (shield unavailable)
rNeg    . . .      Spirit   .    (body armour unavailable)
rPois   +          Reflect  .    (helmet unavailable)
rElec   .          Harm     .    (cloak unavailable)
rCorr   .          Rampage  .    (gloves unavailable)
Will    .....                    (boots unavailable)
Stlth   +++                      (no amulet)
HPRegen 0.23/turn                i - ring of poison resistance
MPRegen 0.12/turn                (no ring)

@: quick
A: very small, claws 1, fangs 3, see invisible, speed 1, shaggy fur 2, stealthy
paws, no weapons or thrown items, no armour, multi-lived
a: Renounce Religion


You were on level 4 of the Dungeon.
You worshipped Wu Jian.
Wu Jian was noncommittal.
You visited 1 branch of the dungeon, and saw 4 of its levels.

You collected 100 gold pieces.

Inventory:

Jewellery
 i - a ring of poison resistance (left paw)
Wands
 d - a wand of flame (9)
Scrolls
 b - 4 scrolls of identify
 c - a scroll of summoning {unknown}
 e - a scroll of silence {unknown}
 f - 3 scrolls of teleportation {unknown}
 g - a scroll of enchant armour {unknown}
 h - a scroll of fear {unknown}
 l - a scroll of magic mapping {unknown}
Potions
 a - a potion of magic
 j - a potion of haste {unknown}
 k - a potion of flight {unknown}
 m - a potion of curing
 n - a potion of degeneration {unknown}


   Skills:
 + Level 0.6 Fighting
 + Level 3.6 Dodging
 + Level 4.0 Stealth
 + Level 2.0 Unarmed Combat
 + Level 3.7 Spellcasting
 + Level 5.3 Summonings
 + Level 0.2 Necromancy


You had 7 spell levels left.
You knew the following spells:

 Your Spells              Type           Power      Damage    Failure   Level
a - Summon Small Mammal   Summ           96%        N/A       1%          1
b - Necrotise             Necr           16%        1d4       13%         1
c - Call Imp              Summ           24%        N/A       2%          2

Your spell library contained the following spells:

 Spells                   Type           Power      Damage    Failure   Level
 Call Canine Familiar     Summ           24%        N/A       4%          3
 Apportation              Tloc           6%         N/A       14%         1
 Summon Guardian Golem    Hex/Summ       13%        N/A       14%         3
 Cigotuvi's Dreadful Rot  Necr/Pois/Air  6%         N/A       21%         2
 Poisonous Vapours        Pois/Air       6%         N/A       22%         2
 Mephitic Cloud           Conj/Pois/Air  3%         N/A       38%         3
 Summon Lightning Spire   Summ/Air       13%        N/A       43%         4


Dungeon Overview and Level Annotations

Branches:
Dungeon (4/15)
 Temple: D:4-7

Altars:
Wu Jian

Shops:
D:1 =   D:2 =


Innate Abilities, Weirdness & Mutations

You have sharp claws.
You have razor-sharp teeth.
You have supernaturally acute eyesight. (SInv)
You cover ground quickly. (Speed+)
You are covered in thick fur. (AC +2)
Your paws help you pounce on unaware monsters.
You are incapable of wielding weapons or throwing items.
You cannot wear armour.
You gain extra lives every three experience levels.


Message History

Your white imp barely misses the orc.
The orc closely misses you.
The orc wizard hits your white imp with a +0 dagger.
Your rat bites the orc.
The orc hits you from afar with a +0 trident.
The orc wizard hits your white imp with a +0 dagger.
Your white imp dies!
Your white imp disappears in a puff of smoke!
Your rat bites the orc. x2; The orc misses you.
You closely miss the orc wizard. Your bite misses the orc wizard.
The orc wizard is heavily wounded.
Your rat bites the orc.
Your rat barely misses the orc.
The orc wizard closely misses you.
The orc hits you from afar with a +0 trident.
You completely miss the orc wizard.
The orc wizard is heavily wounded.
Your rat bites the orc.
The orc dies!
The Council accepts your kill.
Your rat barely misses the orc wizard.
The orc wizard barely misses you.
You scratch the orc wizard.
The orc wizard is severely wounded.
Your rat barely misses the orc wizard.
The orc wizard casts a spell at you. The magic dart hits you.
* * * LOW HITPOINT WARNING * * *
You scratch the orc wizard.
The orc wizard is severely wounded.
Your rat closely misses the orc wizard.
The orc wizard completely misses you.
You barely miss the orc wizard.
The orc wizard is severely wounded.
Your rat bites the orc wizard but does no damage.
The orc wizard hits you with a +0 dagger.
* * * LOW HITPOINT WARNING * * *
You closely miss the orc wizard.
You bite the orc wizard, but do no damage.
The orc wizard is severely wounded.
Your rat misses the orc wizard.
The orc wizard hits you with a +0 dagger.
You die... ##o#.# #.##.##..)).###5......# ...#.o ........).......##..## ####.. .........).##...###.# # oo#

....#..##..##oo.# #.# # ..#
##..#..##.......# #.# # #..#
#..#..##....†..###.## # #..#
#..#.....#........#.## #
#[.#####..#.###....##.#.###.##
# #..........).@o).......##
##.. #
#.............rr......#.# #.#.
#
#.####.........###.#####.#.##.
####.####.............# #.. ..
)............)....##### #.####
.................## #.#
.##############.## # .. #.#
### #.#


You could see an orc wizard (invisible) and 2 friendly rats.

Vanquished Creatures
  An orc priest (D:4)
  An orc wizard (D:4)
  A worm (D:2)
  A dart slug (D:2)
  2 ball pythons
  3 endoplasms
  A giant cockroach (D:1)
  A hobgoblin (D:2)
  A jackal (D:1)
  2 kobolds
  2 quokkas
  4 bats
  2 frilled lizards
  6 rats
28 creatures vanquished.

Vanquished Creatures (collateral kills)
  Sigmund (D:3)
  4 adders
  3 worms (D:2)
  3 dart slugs
  8 orcs
  2 bats (D:2)
  8 endoplasms
  2 giant cockroaches
  4 hobgoblins
  A jackal (D:1)
  A quokka (D:3)
  4 ball pythons
  A frilled lizard (D:1)
  A kobold (D:2)
  4 rats
47 creatures vanquished.

Grand Total: 75 creatures vanquished

Notes
Turn   | Place    | Note
-------+----------+-------------------------------------------
     0 | D:1      | MachoJfn the Felid Summoner began the quest for the Orb.
     0 | D:1      | Reached XP level 1. HP: 7/7 MP: 4/4
   196 | D:1      | Found Reukk's Jewellery Emporium.
   287 | D:1      | Reached XP level 2. HP: 11/11 MP: 0/6
   533 | D:1      | Learned a level 1 spell: Necrotise
  1384 | D:2      | Reached XP level 3. HP: 12/14 MP: 4/7
  1700 | D:2      | Learned a level 2 spell: Call Imp
  1950 | D:2      | Found Eluhino's Jewellery Boutique.
  1956 | D:2      | Reached skill level 1 in Unarmed Combat
  2136 | D:2      | Reached XP level 4. HP: 13/18 MP: 5/8
  2701 | D:3      | Found an ornate altar of the Wu Jian Council.
  2707 | D:3      | Became a worshipper of the Wu Jian Council
  2963 | D:3      | Noticed Sigmund
  3013 | D:3      | Killed Sigmund
  3014 | D:3      | Reached skill level 5 in Summonings
  3014 | D:3      | Reached XP level 5. HP: 16/21 MP: 4/11
  3740 | D:4      | Gained mutation: You are covered in thick fur. (AC +2)
                  | [Felid growth]
  3740 | D:4      | Reached XP level 6. HP: 13/25 MP: 5/12
  3985 | D:4      | Killed from afar by an orc wizard
  3986 | D:4      | Reached XP level 5. HP: -2/21 MP: 4/11
  4005 | D:4      | Slain by an orc wizard

Illustrated notes

Levels and vault maps discovered:
D:1:      dpeg_arrival_signposts, layout_loops_ring, serial_shops,
          nicolae_diamond_shop, minmay_pentomino_x2
D:2:      minmay_angry_zag, layout_basic, serial_shops, shop,
          grunt_ministairs_4, st_stairs_12
D:3:      wad_lake_hut, layout_basic, mainiacjoe_overflow_tiny_flanked,
          minmay_quantized, uniq_sigmund
D:4:      layout_loops_ring

Skill      XL: |  1  2  3  4  5  6 |
---------------+-------------------+-----
Stealth        | 3 4 |  4.0
Unarmed Combat | 1 2 |  2.0
Dodging        | 3 |  3.6
Spellcasting   | 3 |  3.7
Summonings     | 5 |  5.3
Fighting       | |  0.6
Necromancy     | |  0.2

Action                     |  1- 3 |  4- 6 || total
---------------------------+-------+-------++-------
  Melee: Unarmed           |    92 |    67 ||   159
         Bite              |    20 |     8 ||    28
         Punch             |     2 |     1 ||     3
   Cast: Summon Small Mamm |    56 |    26 ||    82
         Necrotise         |    11 |     1 ||    12
         Call Imp          |     6 |    21 ||    27
Ability: Lunge             |       |     1 ||     1
    Use: Scroll            |     1 |       ||     1
         Potion            |       |     1 ||     1
   Stab: Distracted        |     1 |       ||     1
         Sleeping          |       |     3 ||     3
 Armour: Skin              |    11 |     4 ||    15
  Dodge: Dodged            |    86 |    82 ||   168

Table legend: (Time is in decaauts)
 A = Elapsed time spent in this place.
 B = Non-inter-level travel time spent in this place.
 C = Inter-level travel time spent in this place.
 D = Time resting spent in this place.
 E = Time spent auto-exploring this place.
 F = Levels seen in this place.
 G = Mean time per level.
                   A        B        C        D        E       F      G
               +--------+--------+--------+--------+--------+-----+--------+
         Total |   3504 |   3103 |    401 |    282 |   2032 |   4 |  876.0 |
       Dungeon |   3504 |   3103 |    401 |    282 |   2032 |   4 |  876.0 |
               +--------+--------+--------+--------+--------+-----+--------+

Top non-repeatable levels by time:
     D:1: 1154 daAuts
     D:2: 1061 daAuts
     D:3: 1000 daAuts
     D:4: 289 daAuts
